 Dungeon Crawl Stone Soup version 0.26-a0-651-gb41185065b (webtiles) character file.

Game seed: 7915285431256464815

37 ipx the Sneak (level 3, 0/26 HPs)
             Began as a Barachi Brigand on Oct 25, 2020.
             Was an Initiate of Hepliaklqana.
             Slain by Grinder (4 damage)
             ... on level 3 of the Dungeon.
             The game lasted 00:06:01 (481 turns).

ipx the Sneak (Barachi Brigand)                      Turns: 481, Time: 00:06:01

Health: 0/26       AC: 10    Str: 13    XL:     3   Next: 39%
Magic:  3/3        EV:  9    Int: 11    God:    Hepliaklqana [......]
Gold:   58         SH:  0    Dex: 13    Spells: 2/2 levels left

rFire    . . .     SeeInvis .   a - +2 dagger
rCold    . . .     Faith    .   (no shield)
rNeg     . . .     Spirit   .   g - +0 scale mail {MR+}
rPois    .         Reflect  .   n - +2 helmet
rElec    .         Harm     .   c - +0 cloak
rCorr    .         Rampage  .   (no gloves)
MR       +....                  (no boots)
Stlth    +.........             (no amulet)
HPRegen  0.08/turn              (no ring)
MPRegen  0.08/turn              (no ring)

@: slow
A: +LOS, swims, reduced essence, slowness 1, strong legs 1
a: Hop, Recall Ancestor, Ancestor Identity, Renounce Religion


You were on level 3 of the Dungeon.
You worshipped Hepliaklqana.
Hepliaklqana was noncommittal.
You visited 1 branch of the dungeon, and saw 3 of its levels.

You collected 58 gold pieces.

Inventory:

Hand Weapons
 a - a +2 dagger (weapon)
Missiles
 d - 8 poisoned darts (quivered)
 e - 2 curare-tipped darts
Armour
 c - a +0 cloak (worn)
 g - a +0 scale mail of magic resistance (worn)
 n - a +2 helmet (worn)
Scrolls
 f - 2 scrolls of magic mapping {unknown}
 j - a scroll of enchant armour {unknown}
 k - 2 scrolls of identify {unknown}
 l - a scroll of immolation {unknown}
 m - 2 scrolls of remove curse {unknown}
Potions
 h - a potion of mutation {unknown}
 i - a potion of might {unknown}
 o - a potion of lignification {unknown}
 p - a potion of ambrosia {unknown}


   Skills:
 + Level 3.6 Fighting
 + Level 3.2 Short Blades
 - Level 2.0 Throwing
 - Level 1.1 Dodging
 - Level 3.6 Stealth


You had 2 spell levels left.
You didn't know any spells.
Your spell library was empty.

Dungeon Overview and Level Annotations

Branches:
Dungeon (3/15)

Altars:
Dithmenos
Hepliaklqana

Annotations:
D:3 Grinder


Innate Abilities, Weirdness & Mutations

You can be seen from farther away. (+LOS)
You can swim through water.
You cover ground slowly.
You can hop short distances.
Your life essence is reduced to manifest your ancestor. (-10% HP)


Message History

Cyneburga hits the worm.
The worm closely misses you.
You hit the worm.
The worm is heavily wounded.
Cyneburga hits the worm.
You hit the worm.
You kill the worm!
Grinder comes into view.
Found a scroll labeled MECVEC CIDYHI.
Grinder blinks!
Grinder gestures at you.
You easily resist.
Press: ? - help, v - describe, . - travel
Here: Grinder The floor.
Unknown command.
Found a fuming ruby potion.
Grinder hits you!
* * * LOW HITPOINT WARNING * * *
You writhe in agony.
You die...

##########...#
#............#
#............#
#..........?.# #######
#............#
......####..##....#...#
.).##......[....##....#
...#######.##.R.#.....#
.[.# ...##...@5# ...#
####.......# ...#
#.#.....# ###..
#.##..#.# .## ..#...#.#
.# ####.#.#.# ..
####.#..!# #
####<...##..# .
#..[.#### #..


You could see the friendly Cyneburga the ancestor and Grinder.

Vanquished Creatures
  An ooze (D:2)
  2 worms
  An orc (D:3)
  2 giant cockroaches
  5 goblins
  2 hobgoblins (D:3)
  2 bats
  2 frilled lizards
  4 kobolds
  2 rats (D:3)
23 creatures vanquished.

Vanquished Creatures (collateral kills)
  An orc (D:3)
1 creature vanquished.

Grand Total: 24 creatures vanquished

Notes
Turn   | Place    | Note
-------+----------+-------------------------------------------
     0 | D:1      | ipx the Barachi Brigand began the quest for the Orb.
     0 | D:1      | Reached XP level 1. HP: 17/17 MP: 1/1
    71 | D:1      | You fall into a shaft and drop 1 floor!
   195 | D:1      | Reached XP level 2. HP: 14/23 MP: 2/2
   355 | D:3      | Found a hazy altar of Hepliaklqana.
   357 | D:3      | Found a shadowy altar of Dithmenos.
   360 | D:3      | Noticed a shadow
   373 | D:3      | Became a worshipper of Hepliaklqana the Forgotten
   389 | D:3      | Reached XP level 3. HP: 26/26 MP: 3/3
   477 | D:3      | Noticed Grinder
   481 | D:3      | Slain by Grinder

Illustrated notes

Levels and vault maps discovered:
D:1:      shiori_arrival_elements, layout_loops_corners, minmay_pentomino_z2
D:2:      layout_basic, fedhas_altar_fruit_tree
D:3:      layout_rooms, riverfiend_overflow_shadow_ancestor, uniq_jessica,
          uniq_natasha, uniq_grinder

Skill      XL: |  1  2 |
---------------+-------+-----
Fighting       | 3 |  3.6
Short Blades   | 3 |  3.2
Throwing       | |  2.0
Dodging        | |  1.1
Stealth        | |  3.6

Action                   || total
-------------------------++-------
Melee: Dagger            ||    89
Invok: Ancestor Identity ||     1
Armor: Scale mail        ||    23
Dodge: Dodged            ||    35

Table legend: (Time is in decaauts)
 A = Elapsed time spent in this place.
 B = Non-inter-level travel time spent in this place.
 C = Inter-level travel time spent in this place.
 D = Time resting spent in this place.
 E = Time spent auto-exploring this place.
 F = Levels seen in this place.
 G = Mean time per level.
                   A        B        C        D        E       F      G
               +--------+--------+--------+--------+--------+-----+--------+
         Total |    547 |    547 |      0 |      0 |      0 |   3 |  182.3 |
       Dungeon |    547 |    547 |      0 |      0 |      0 |   3 |  182.3 |
               +--------+--------+--------+--------+--------+-----+--------+

Top non-repeatable levels by time:
     D:2: 294 daAuts
     D:3: 151 daAuts
     D:1: 101 daAuts
